 Dungeon Crawl Stone Soup version 0.27.1-4-g1640c2035a (webtiles) character file.

Game seed: 5187895202684573429

179 eliilek the Shield-Bearer (level 5, -1/47 HPs)
             Began as a Minotaur Fighter on Nov 16, 2021.
             Succumbed to an orc wizard's poison
             ... on level 3 of the Dungeon.
             The game lasted 00:06:59 (2195 turns).

eliilek the Shield-Bearer (Minotaur Fighter)        Turns: 2195, Time: 00:07:00

Health: -1/47      AC:  7    Str: 21    XL:     5   Next: 32%
Magic:  4/4        EV:  7    Int:  5    God:
Gold:   120        SH:  0    Dex: 10    Spells: 4/4 levels left

rFire    . . .     SeeInvis .   a - +0 long sword
rCold    . . .     Faith    .   c - +0 kite shield
rNeg     . . .     Spirit   .   b - +0 scale mail
rPois    .         Reflect  .   (helmet restricted)
rElec    .         Harm     .   (no cloak)
rCorr    .         Rampage  .   (no gloves)
Will     .....                  (no boots)
Stlth    ..........             l - amulet of regeneration
HPRegen  1.15/turn              (no ring)
MPRegen  0.09/turn              (no ring)

@: confused, lethally poisoned (-1 -> -24)
A: horns 2, retaliatory headbutt
a: no special abilities


You were on level 3 of the Dungeon.
You visited 1 branch of the dungeon, and saw 3 of its levels.

You collected 120 gold pieces.

Inventory:

Hand Weapons
 a - a +0 long sword (weapon)
Missiles
 i - 18 stones
 j - 24 poisoned darts (quivered)
Armour
 b - a +0 scale mail (worn)
 c - a +0 kite shield (worn)
Jewellery
 l - an amulet of regeneration (around neck)
Scrolls
 e - a scroll of vulnerability {unknown}
 f - 4 scrolls of identify {unknown}
 h - 3 scrolls of silence {unknown}
 m - a scroll of teleportation {unknown}
 n - a scroll of enchant armour {unknown}
Potions
 d - a potion of might
 k - a potion of brilliance {unknown}


   Skills:
 + Level 4.4 Fighting
 * Level 4.3 Long Blades
 + Level 4.3 Armour
 * Level 5.2 Shields


You had 4 spell levels left.
You didn't know any spells.
Your spell library was empty.

Dungeon Overview and Level Annotations

Branches:
Dungeon (3/15)

Altars:
Okawaru
Uskayaw


Innate Abilities, Weirdness & Mutations

You have a pair of horns on your head.
You reflexively headbutt those who attack you in melee.


Message History

You barely miss the orc. You headbutt the orc.
The orc is severely wounded.
You feel very sick. You block the orc's attack.
Something hits you but does no damage.
You are more poisoned.
The orc hits you with a +0 club.
* * * LOW HITPOINT WARNING * * *
The orc closely misses you.
You riposte.
You slash the orc!
You kill the orc!
You slash the orc!
You kill the orc!
You feel very sick. Something hits you but does no damage.
You are lethally poisoned!
You hear some strange, mumbled words.
You are confused.
* * * LOW HITPOINT WARNING * * *
You feel very sick. Something hits you.
* * * LOW HITPOINT WARNING * * *
You are more poisoned.
Things that are here:
a +0 club; a +0 short sword; an orc corpse It was a potion of heal wounds.
You feel much better.
You feel very sick. Something hits you.
You are more poisoned.
You closely miss something.
You feel extremely sick. Something hits you.
* * * LOW HITPOINT WARNING * * *
You are lethally poisoned!
You bump into the rock wall.
* * * LOW HITPOINT WARNING * * *
You feel extremely sick. Something hits you.
* * * LOW HITPOINT WARNING * * *
You are more poisoned.
Found 25 stones.
You die...

##.......#
#.......#
#.......#
###+#..##...#
....$..##...#
............#
...####.##..#
.......))...#
...####@##..#
........##..#
........##..#
.........#...
(........ #..
..........
###.....#.
#######.#


There were no monsters in sight!

Vanquished Creatures
  An orc priest (D:3)
  Terence (D:2)
  Robin (D:2)
  2 adders (D:2)
  3 gnolls (D:2)
  3 orcs (D:3)
  3 endoplasms (D:2)
  4 giant cockroaches
  16 goblins
  7 hobgoblins
  2 quokkas
  5 ball pythons
  5 bats
  A frilled lizard (D:1)
  5 kobolds
  5 rats
64 creatures vanquished.

Notes
Turn   | Place    | Note
-------+----------+-------------------------------------------
     0 | D:1      | eliilek the Minotaur Fighter began the quest for the Orb.
     0 | D:1      | Reached XP level 1. HP: 19/19 MP: 0/0
   289 | D:1      | Reached XP level 2. HP: 27/27 MP: 1/1
   495 | D:1      | Reached skill level 4 in Shields
   678 | D:1      | Found a faded altar of an unknown god.
   933 | D:2      | Noticed Robin
   946 | D:2      | Reached XP level 3. HP: 26/33 MP: 2/2
   961 | D:2      | Killed Robin
  1237 | D:2      | Reached XP level 4. HP: 40/40 MP: 3/3
  1263 | D:2      | Found a hide-covered altar of Uskayaw.
  1393 | D:2      | Noticed Terence
  1401 | D:2      | Killed Terence
  1782 | D:2      | Reached skill level 5 in Shields
  1838 | D:2      | Reached XP level 5. HP: 42/47 MP: 4/4
  2139 | D:3      | Found an iron altar of Okawaru.
  2191 | D:3      | HP: 1/47 [something (4)]
  2195 | D:3      | Succumbed to an orc wizard's poison

Illustrated notes

Levels and vault maps discovered:
D:1:      dpeg_arrival_line_fractal, layout_loops_cross,
          ebering_ecumenical_altar_mist, serial_co_window_serial,
          co_window_paths_b, co_window_of_opportunity_a, co_window_paths_b,
          co_window_of_opportunity_a, co_window_paths_a,
          co_window_unsneaky_path_e, co_window_corner_ca, co_window_corner_b,
          co_window_2corner, co_window_of_opportunity_c, co_window_paths_d,
          glass_columns_a, glass_columns_a, glass_columns_c, glass_columns_b,
          minmay_tiny_reverse_x
D:2:      layout_loops_ring, basic_altar, minmay_misc_feat_four_crosses,
          minmay_diced_spiral, uniq_terence, uniq_robin
D:3:      layout_basic, old_standard_altar, mainiacjoe_overflow_alcove_2,
          nicolae_vehumet_altar_sigil, mainiacjoe_overflow_swirl

Skill      XL: |  1  2  3  4 |
---------------+-------------+-----
Shields        | 4 5 |  5.2
Long Blades    | 3 4 |  4.3
Fighting       | 4 |  4.4
Armour         | 4 |  4.3

Action                   |  1- 3 |  4- 6 || total
-------------------------+-------+-------++-------
Melee: Long sword        |    58 |    66 ||   124
       Headbutt          |     8 |     8 ||    16
Throw: Stone             |     1 |       ||     1
  Use: Potion            |       |     1 ||     1
Armor: Scale mail        |    26 |    31 ||    57
Dodge: Dodged            |    22 |    28 ||    50
Block: Kite shield       |    24 |    38 ||    62
       Rpst.: Long sword |     5 |     7 ||    12
